 Dungeon Crawl Stone Soup version 0.21.1-1-g345015f (webtiles) character file.

19 tidbits the Grave Robber (level 2, 0/20 HPs)
             Began as a Gnoll Necromancer on June 16, 2018.
             Slain by a worm (2 damage)
             ... on level 2 of the Dungeon.
             The game lasted 00:02:07 (232 turns).

tidbits the Grave Robber (Gnoll Necromancer)         Turns: 232, Time: 00:02:08

Health: 0/20       AC:  2    Str: 10    XL:     2   Next: 75%
Magic:  3/7        EV: 14    Int: 17    God:
Gold:   32         SH:  0    Dex: 15    Spells: 9/10 levels left

rFire    . . .     SeeInvis .   a - +0 short sword
rCold    . . .     Gourm    .   (no shield)
rNeg     . . .     Faith    .   d - +0 robe
rPois    .         Spirit   .   (no helmet)
rElec    .         Reflect  .   e - scarf {repulsion}
rCorr    .         Harm     .   (no gloves)
MR       .....                  (no boots)
Stlth    +++.......             (no amulet)
HPRegen  0.06/turn              (no ring)
MPRegen  0.10/turn              (no ring)

@: repel missiles
A: distributed training, fangs 1, strong nose
a: no special abilities


You were on level 2 of the Dungeon.
You were not hungry.

You visited 1 branch of the dungeon, and saw 2 of its levels.

You collected 32 gold pieces.

Inventory:

Hand Weapons
 a - a +0 short sword (weapon)
 h - a +0 dagger
Armour
 d - a +0 robe (worn)
 e - a scarf of repulsion (worn)
   (You found it on level 1 of the Dungeon)
Scrolls
 f - a scroll of identify {unknown}
Potions
 g - a potion of brilliance {unknown}
 i - a potion of heal wounds {unknown}
Books
 b - a book of Necromancy

   Spells                             Type                      Level
   a - Pain                           Necromancy                   1
   b - Animate Skeleton               Necromancy                   1
   c - Vampiric Draining              Necromancy                   3
   d - Regeneration                   Charms/Necromancy            3
   e - Animate Dead                   Necromancy                   4
   f - Borgnjor's Vile Clutch         Necromancy/Earth             5
Comestibles
 c - 2 rations


   Skills:
 + Level 0.5 Fighting
 + Level 0.5 Short Blades
 + Level 0.5 Long Blades
 + Level 0.5 Axes
 + Level 0.5 Maces & Flails
 + Level 0.5 Polearms
 + Level 0.5 Staves
 + Level 0.5 Slings
 + Level 0.5 Bows
 + Level 0.5 Crossbows
 + Level 0.5 Throwing
 + Level 0.5 Armour
 + Level 4.5 Dodging
 + Level 4.1 Stealth
 + Level 0.5 Shields
 + Level 0.5 Unarmed Combat
 + Level 4.9 Spellcasting
 + Level 0.3 Conjurations
 + Level 0.3 Hexes
 + Level 0.3 Charms
 + Level 0.3 Summonings
 + Level 7.0 Necromancy
 + Level 0.3 Translocations
 + Level 0.3 Transmutations
 + Level 0.3 Fire Magic
 + Level 0.3 Ice Magic
 + Level 0.3 Air Magic
 + Level 0.3 Earth Magic
 + Level 0.3 Poison Magic
 + Level 0.6 Invocations
 + Level 0.5 Evocations


You had 9 spell levels left.
You knew the following spells:

 Your Spells              Type           Power        Failure   Level  Hunger
a - Pain                  Necr           ####         1%          1    None


Dungeon Overview and Level Annotations

Branches:
Dungeon (2/15)

Altars:


Innate Abilities, Weirdness & Mutations

Your experience applies equally to all skills.
You have very sharp teeth.
Your uncanny sense of smell can sniff out nearby items.


Message History

Casting: Pain
Confirm with . or Enter, or press ? or * to list all spells.
Aiming: Pain
Press: ? - help, Shift-Dir - straight line, f - goblin
Aim: a goblin, wielding a club (chance to defeat MR: 93%)
The goblin writhes in agony!
You kill the goblin!
Things that are here:
a club; a goblin corpse
Found 14 gold pieces.
You see here 14 gold pieces.
You now have 32 gold pieces (gained 14).
Found a dagger.
Found a stone staircase leading down.
You see here a dagger.
h - a dagger You enter a teleport trap!
The teleport trap disappears.
Your surroundings suddenly seem different.
Unknown command.
Found an inky potion.
You see here an inky potion.
i - an inky potion Unknown command.
Unknown command.
The helpless rat fails to defend itself.
You hit the rat.
You kill the rat!
A rat comes into view.
A leopard gecko comes into view.
Unknown command.
Unknown command.
Unknown command.
Unknown command.
Casting: Pain
Confirm with . or Enter, or press ? or * to list all spells.
Aiming: Pain
Press: ? - help, Shift-Dir - straight line, f - rat
Aim: a rat (resting, chance to defeat MR: 93%)
The rat writhes in agony!
You kill the rat!
The leopard gecko hisses angrily.
Casting: Pain
Confirm with . or Enter, or press ? or * to list all spells.
Aiming: Pain
Press: ? - help, Shift-Dir - straight line, f - leopard gecko
Aim: a leopard gecko (chance to defeat MR: 93%)
The leopard gecko writhes in agony!
You kill the leopard gecko!
Found a stone staircase leading down.
You see here a leopard gecko corpse.
Unknown command.
A goblin comes into view. It is wielding an enchanted dagger.
Found a ration.
The goblin shouts!
You see here a ration.
You closely miss the goblin. The goblin misses you.
Casting: Pain
Confirm with . or Enter, or press ? or * to list all spells.
Aiming: Pain
Press: ? - help, Shift-Dir - straight line, f - goblin
Aim: a goblin, wielding an enchanted dagger (chance to defeat MR: 93%)
The goblin writhes in agony!
The goblin hits you with an enchanted dagger.
* * * LOW HITPOINT WARNING * * *
Casting: Pain
Confirm with . or Enter, or press ? or * to list all spells.
Aiming: Pain
Press: ? - help, Shift-Dir - straight line, f/p - goblin
Aim: a goblin, wielding an enchanted dagger (moderately wounded, chance to defeat MR: 93%)
The goblin writhes in agony!
You kill the goblin!
c - 2 rations (gained 1)
Things that are here:
an enchanted dagger; a goblin corpse
There is a stone staircase leading down here.
You climb downwards. 2 worms, a hobgoblin and a kobold come into view.
Found a ration.
There is a stone staircase leading up here.
The helpless worm fails to defend itself.
You puncture the worm! Your bite misses the worm.
The worm is almost dead.
The kobold shouts!
The hobgoblin shouts!
The kobold throws a stone.
The stone misses you.
The hobgoblin hits you but does no damage.
You hear a shout!
Casting: Pain
Confirm with . or Enter, or press ? or * to list all spells.
Aiming: Pain
Press: ? - help, Shift-Dir - straight line, f - worm
Aim: a worm (chance to defeat MR: 89%)
The worm writhes in agony!
Casting: Pain
Confirm with . or Enter, or press ? or * to list all spells.
Aiming: Pain
Press: ? - help, Shift-Dir - straight line, f/p - worm
Aim: a worm (moderately wounded, chance to defeat MR: 89%)
The worm writhes in agony!
The worm bites you.
You die...

#..# #..#
#..# #..# #
#..#
#.##.###K.#
#.....g#..#
......ww@.#
####%#.####
#. #. ∆ #.
.. #. ..


You could see 2 worms, a hobgoblin and a kobold.

Vanquished Creatures
  A leopard gecko (D:1)
  A bat (D:1)
  4 goblins (D:1)
  2 hobgoblins (D:1)
  4 kobolds (D:1)
  3 frilled lizards (D:1)
  2 rats (D:1)
17 creatures vanquished.

Notes
Turn   | Place    | Note
-------+----------+-------------------------------------------
     0 | D:1      | tidbits the Gnoll Necromancer began the quest for the Orb.
     0 | D:1      | Reached XP level 1. HP: 13/13 MP: 6/6
   104 | D:1      | Reached XP level 2. HP: 11/19 MP: 3/7
   232 | D:2      | Slain by a worm

Action                   || total
-------------------------++-------
Melee: Short sword       ||    10
 Cast: Pain              ||    23
 Stab: Sleeping          ||     2
Armor: Robe              ||     5
Dodge: Dodged            ||    13

Table legend:
 A = Turns spent in this place as a percentage of turns spent in the entire game.
 B = Non-inter-level travel turns spent in this place as a percentage of non-inter-level travel turns spent in the entire game.
 C = Inter-level travel turns spent in this place as a percentage of turns spent in this place.
 D = Turns resting spent in this place as a percentage of non-inter-level travel turns spent in this place.
 E = Turns spent auto-exploring this place as a percentage of non-inter-level travel turns spent in this place.
 F = Non-inter-level travel turns spent in this place divided by the number of levels of this place that you've seen.
                   A       B       C       D       E      F
               +-------+-------+-------+-------+-------+----------------------
         Total | 100.0 | 100.0 |   0.0 |   0.0 |   0.0 | 116.0
       Dungeon | 100.0 | 100.0 |   0.0 |   0.0 |   0.0 | 116.0
               +-------+-------+-------+-------+-------+----------------------

Table legend:
 A = Kills in this place as a percentage of kills in entire the game.
 B = Kills by you in this place as a percentage of kills by you in the entire game.
 C = Kills by friends in this place as a percentage of kills by friends in the entire game.
 D = Other kills in this place as a percentage of other kills in the entire game.
 E = Experience gained in this place as a percentage of experience gained in the entire game.
 F = Experience gained in this place divided by the number of levels of this place that you have seen.
                   A       B       C       D       E      F
               +-------+-------+-------+-------+-------+----------------------
         Total | 100.0 | 100.0 |   N/A |   N/A | 100.0 |  14.0
       Dungeon | 100.0 | 100.0 |   N/A |   N/A | 100.0 |  14.0
               +-------+-------+-------+-------+-------+----------------------

Vault maps used:
D:1:      elethiomel_arrival_infinity_welcomes_careful_drivers
D:2:      lemuel_doored_altar, lemuel_round_altar, kennysheep_minor_cross
